 Dungeon Crawl Stone Soup version 0.26-a0-1021-gda264ca44c (webtiles) character file.

Game seed: 10165654368415962403

51959 lunkers the Gelid (level 14, -8/109 HPs)
             Began as a Demonspawn Ice Elementalist on Dec 8, 2020.
             Was a High Priest of Vehumet.
             Killed by drain life
             ... invoked by a soul eater
              (20 damage)
             ... on level 2 of the Orcish Mines on Dec 9, 2020.
             The game lasted 00:56:17 (30711 turns).

lunkers the Gelid (Demonspawn Ice Elementalist)    Turns: 30711, Time: 00:56:17

Health: -8/109     AC: 17    Str:  9    XL:     14   Next: 25%
Magic:  39/39      EV: 10    Int: 21    God:    Vehumet [*****.]
Gold:   1594       SH:  9    Dex: 14    Spells: 16/37 levels left

rFire    . . .     SeeInvis .   I - +3 scimitar (flame)
rCold    + . .     Faith    .   s - +0 buckler
rNeg     . . .     Spirit   .   w - +1 leather armour {rC+}
rPois    .         Reflect  .   z - +2 hat
rElec    .         Harm     .   y - +0 cloak
rCorr    .         Rampage  .   j - +1 pair of gloves
Will     +....                  (boots unavailable)
Stlth    ++........             c - amulet of magic regeneration
HPRegen  0.28/turn              B - ring of magical power
MPRegen  0.51/turn              H - ring of stealth

@: mighty, icy armour, about to teleport, heavily drained
A: talons 3, large bone plates 2, demonic guardian 2
a: Renounce Religion


You were on level 2 of the Orcish Mines.
You worshipped Vehumet.
Vehumet was extremely pleased with you.
You visited 4 branches of the dungeon, and saw 20 of its levels.
You also visited: Volcano.

You collected 1682 gold pieces.
You spent 88 gold pieces at shops.

Inventory:

Hand Weapons
 a - the +2 mace of Geewumuc {freeze, *Noise rPois rN+ Dex+4}
   (You found it on level 3 of the Lair of Beasts)

   It has been specially enchanted to freeze those struck by it, causing extra
   injury to most foes and up to half again as much damage against particularly
   susceptible opponents.
   It can also slow down cold-blooded creatures.
   It affects your dexterity (+4).
   It protects you from poison.
   It protects you from negative energy.
   It may make noises in combat.
 I - a +3 scimitar of flaming (weapon)
 X - a +4 eveningstar of holy wrath
Armour
 j - a +1 pair of gloves (worn)
 s - a +0 buckler (worn)
 w - a +1 leather armour of cold resistance (worn)
 y - a +0 cloak (worn)
 z - a +2 hat (worn)
 C - a +2 ring mail of fire resistance
 L - a +2 kite shield
 Y - a +4 scale mail
Jewellery
 c - an amulet of magic regeneration (around neck)
 B - a ring of magical power (left hand)
 H - a ring of stealth (right hand)
 Q - an uncursed ring of positive energy
Wands
 t - a wand of digging (5)
 K - a wand of paralysis (19)
 M - a wand of polymorph (14)
 N - a wand of flame (34)
 P - a wand of acid (6)
 T - a wand of random effects (12)
 Z - a wand of iceblast (3)
Scrolls
 d - 7 scrolls of remove curse
 e - 9 scrolls of teleportation
 f - 5 scrolls of enchant weapon
 l - 10 scrolls of identify
 m - 4 scrolls of magic mapping
 n - 3 scrolls of amnesia
 o - 3 scrolls of fog
 q - 5 scrolls of fear
 r - 2 scrolls of enchant armour
 O - a scroll of summoning
Potions
 b - 11 potions of curing
 g - 2 potions of magic
 h - 2 potions of haste
 i - 6 potions of brilliance
 k - 3 potions of invisibility
 p - a potion of ambrosia
 u - a potion of flight
 v - 3 potions of heal wounds
 E - 5 potions of lignification
 F - a potion of might
 G - a potion of cancellation
 W - a potion of attraction
Miscellaneous
 A - a box of beasts (inert)
 S - a tin of tremorstones (2/2)
 V - a phantom mirror


   Skills:
 + Level 9.7(7.8) Fighting
 - Level 1.7(0.2) Dodging
 - Level 1.7(0.2) Stealth
 + Level 0.0 Shields
 + Level 12.4(10.3) Spellcasting
 * Level 16.8(14.6) Ice Magic


You had 16 spell levels left.
You knew the following spells:

 Your Spells              Type           Power        Failure   Level
a - Freeze                Ice            ####         1%          1
b - Frozen Ramparts       Ice            ######       1%          3
c - Ozocubu's Armour      Ice            ######..     1%          3
d - Summon Ice Beast      Ice/Summ       #####...     8%          4
e - Hailstorm             Conj/Ice       #####...     2%          4
f - Freezing Cloud        Conj/Ice/Air   ####......   58%         6

Your spell library contained the following spells:

 Spells                   Type           Power        Failure   Level
 Shock                    Conj/Air       ##..         4%          1
 Static Discharge         Conj/Air       ##......     12%         3
 Summon Small Mammal      Summ           ##..         14%         1
 Call Imp                 Summ           ##......     22%         2
 Swiftness                Air            ##......     22%         2
 Airstrike                Air            ##........   34%         4
 Call Canine Familiar     Summ           ##......     41%         3
 Summon Guardian Golem    Hex/Summ       ##......     41%         3
 Lightning Bolt           Conj/Air       ##........   67%         5
 Summon Lightning Spire   Summ/Air       ##......     82%         4


Dungeon Overview and Level Annotations

Branches:
Dungeon (11/15)            Temple (1/1) D:5            Lair (6/6) D:9
  Swamp (0/4) Lair:3       Spider (0/4) Lair:3        Slime (0/5) Lair:6
    Orc (2/2) D:11            Elf (0/3) Orc:2       Volcano (visited)

Altars:
Cheibriados
Dithmenos
Elyvilon
Fedhas
Gozag
Hepliaklqana
Kikubaaqudgha
Makhleb
Nemelex Xobeh
Okawaru
Qazlal
Ru
Sif Muna
Trog
Uskayaw
Vehumet
Wu Jian
Xom
Yredelemnul
Zin
The Shining One
Jiyva

Shops:
D:4 !   D:10 }   Orc:2 **(

Annotations:
D:2 exclusion: oklob plant
D:3 1 runed translucent door, belegose's ghost, amateur KoSu
Lair:5 2 transporters, Tynuabry's ghost, journeyman DECj


Innate Abilities, Weirdness & Mutations

You have claws for feet.
You are mostly covered in large bone plates. (SH +6)
A demonic guardian rushes to your aid.


Message History

The blast of flame hits the soul eater but does no damage.
The soul eater hits you but does no damage.
Your soul eater hits the soul eater.
Evoke which item? (* to show all) (? for menu, Esc to quit)
Aiming: Corrosive Bolt
Press: ? - help, Shift-Dir - straight line, f/p - soul eater
Aim: a soul eater (lightly wounded, 29% to evade)
The bolt of acid hits the soul eater.
The soul eater is splashed with acid.
The acid corrodes the soul eater!
The soul eater is moderately wounded.
Your larval shockfire beast closely misses the soul eater.
The soul eater hits you!
* * * LOW HITPOINT WARNING * * *
Your soul eater hits the soul eater.
Unknown command.
As you read the scroll of teleportation, it crumbles to dust.
You feel strangely unstable.
Your larval shockfire beast closely misses the soul eater.
The soul eater draws from the surrounding life force!
You die...

,,,**,,*,,##...#....## ##.##...#
*,**,,***,,##....#...## #...#...#
,,,,,**,∩*,,##.....#.∩####.....##
,,*,**∩,,,,,,##..#.....# ##......
..,,,**,∩*,,##...[.#.∩######.....
#.#*,,***,,##...[#...###.#.......
..o#*,,*,,##...#3...###.........#
#...#*,,,##....3H..###...........
##..o#*,##[..###@)###...#.#......
###.o3###...###.[###..^##.##.....
.#*#.Y.#o..###.)###...##...##....
.##**,#.#.###[)###....##....#....
..####...###.[###....##.....##...
..#.###.###..###.....##.....##...
.....#####[.###.....###.....###..
......###.[###......##.......##..
.......#...##.......##........#..


You could see a soul eater (corroded), a friendly larval shockfire beast
(summoned, catching breath) and a friendly soul eater (summoned).

Vanquished Creatures
  2 hydras
  Erica (D:8)
  3 catoblepae (Lair:6)
  2 two-headed ogres
  3 death yaks
  Urug (D:11)
  An orc knight (Orc:2)
  A manticore (Lair:6)
  An ugly thing (D:11)
  An orc sorcerer (Orc:1)
  3 elephants
  4 black mambas
  A gargoyle (D:11)
  4 cane toads
  2 rime drakes
  An ice devil (Orc:2)
  6 komodo dragons
  2 trolls
  2 polar bears
  7 blink frogs
  Sigmund (D:6)
  A wraith (D:11)
  34 yaks
  2 redbacks (Lair:3)
  2 wyverns
  A vampire (D:9)
  7 nameless horrors
  2 fire bats
  Grum (D:9)
  A warg (Orc:1)
  A two-headed ogre zombie (D:11)
  4 water moccasins
  A black bear (D:9)
  4 ice beasts
  21 orc warriors
  2 phantoms
  3 necrophages (D:11)
  7 ogres
  3 wolves
  4 centaurs
  A big kobold (D:7)
  13 bullfrogs
  A scorpion (D:7)
  17 killer bees
  8 wights
  2 howler monkeys
  2 bullfrog zombies
  3 quasits
  2 centaur zombies
  10 hounds
  2 bullfrog skeletons
  19 orc priests
  17 orc wizards
  2 centaur skeletons
  3 iguanas
  Natasha (thrice) (D:4)
  3 worker ants
  Ijyb (D:5)
  An ogre zombie (D:11)
  A mummy (D:11)
  A hound skeleton (D:7)
  A hound zombie (D:11)
  2 howler monkey zombies (D:11)
  2 worker ant zombies
  19 adders
  2 gnolls (D:5)
  2 shadow imps
  2 white imps (D:6)
  An ooze (D:1)
  2 adder skeletons
  2 worms (D:6)
  3 dart slugs
  6 leopard geckos
  59 orcs
  7 bats
  5 giant cockroaches
  15 goblins
  5 hobgoblins
  17 jackals
  5 quokkas
  8 frilled lizards
  A goblin zombie (D:11)
  2 hobgoblin skeletons (D:11)
  A hobgoblin zombie (D:11)
  18 kobolds
  A leopard gecko skeleton (D:7)
  An orc skeleton (D:11)
  10 orc zombies (D:11)
  A quokka skeleton (D:4)
  5 rats
467 creatures vanquished.

Vanquished Creatures (collateral kills)
  Gastronok (D:9)
  An orc warlord (Orc:1)
  7 hydras
  A boulder beetle (Lair:6)
  2 catoblepae (Lair:6)
  2 two-headed ogres (D:11)
  6 death yaks
  An orc knight (Orc:1)
  4 elephants
  The ghost of Bargorn the Chopper, a novice MiFi of Makhleb (D:8)
  4 cane toads
  2 black mambas (Lair:1)
  A rime drake (Lair:4)
  9 komodo dragons
  A troll (Orc:1)
  3 jumping spiders (Lair:3)
  2 polar bears
  10 blink frogs
  18 yaks
  A shadow (D:11)
  A wraith (D:11)
  3 fire bats
  A basilisk (Lair:3)
  A steam dragon (Lair:2)
  2 wargs (Orc:1)
  6 water moccasins
  3 nameless horrors
  A hornet zombie (D:11)
  8 orc warriors
  A black bear (D:9)
  6 necrophages
  A centaur (D:10)
  8 wolves
  6 ogres
  A big kobold (D:8)
  A wyvern zombie (D:11)
  5 bullfrogs
  A troll zombie (D:11)
  6 wights
  A howler monkey (D:10)
  3 electric eels (Lair:3)
  A jelly (D:10)
  2 orc priests
  2 bullfrog zombies (D:11)
  A gnoll shaman (D:5)
  2 hounds
  3 orc wizards
  A worker ant (D:11)
  5 ogre zombies (D:11)
  A gnoll (D:5)
  2 adders
  An ufetubus (D:10)
  10 orcs
  A jackal (D:6)
  A goblin zombie (D:11)
  A kobold (D:8)
  4 orc skeletons (D:11)
  3 orc zombies (D:11)
184 creatures vanquished.

Vanquished Creatures (others)
  A phantom (D:11)
  2 orcs
  2 orc zombies (D:11)
  30 fungi
  90 plants
  12 withered plants (D:11)
137 creatures vanquished.

Grand Total: 788 creatures vanquished

Notes
Turn   | Place    | Note
-------+----------+-------------------------------------------
     0 | D:1      | lunkers the Demonspawn Ice Elementalist began the quest for
                  | the Orb.
     0 | D:1      | Reached XP level 1. HP: 13/13 MP: 3/3
   165 | D:1      | Gained mutation: You are partially covered in large bone
                  | plates. (SH +4) [demonic ancestry]
   165 | D:1      | Reached XP level 2. HP: 19/19 MP: 1/5
   176 | D:1      | Reached skill level 4 in Ice Magic
  1020 | D:1      | Gained mutation: You are mostly covered in large bone
                  | plates. (SH +6) [demonic ancestry]
  1020 | D:1      | Reached XP level 3. HP: 24/24 MP: 4/6
  1787 | D:2      | Found a blossoming altar of Fedhas.
  1800 | D:2      | Noticed an oklob plant
  1979 | D:2      | Reached XP level 4. HP: 25/30 MP: 3/8
  2456 | D:3      | Learned a level 3 spell: Frozen Ramparts
  2460 | D:3      | Learned a level 3 spell: Ozocubu's Armour
  2550 | D:3      | Found a runed translucent door.
  2552 | D:3      | Noticed belegose's ghost (amateur KoSu)
  2656 | D:3      | Reached skill level 5 in Ice Magic
  2747 | D:3      | Found a faded altar of an unknown god.
  2857 | D:3      | Reached XP level 5. HP: 29/35 MP: 5/9
  3306 | D:4      | Noticed an ogre
  3327 | D:3      | Killed an ogre
  3360 | D:4      | Gained mutation: You have sharp toenails. [demonic
                  | ancestry]
  3360 | D:4      | Reached XP level 6. HP: 34/41 MP: 3/11
  3586 | D:4      | Reached skill level 6 in Ice Magic
  3720 | D:4      | Got a heavily runed marble ring
  3775 | D:4      | Identified the ring of Royalty {Fire rElec Str-3 Int-3
                  | Dex+9} (You found it on level 4 of the Dungeon)
  3859 | D:4      | Noticed Natasha
  3864 | D:4      | Killed Natasha
  4043 | D:4      | Learned a level 4 spell: Summon Ice Beast
  4098 | D:4      | Gained mutation: A weak demonic guardian rushes to your
                  | aid. [demonic ancestry]
  4098 | D:4      | Reached XP level 7. HP: 40/46 MP: 7/13
  4500 | D:4      | Noticed Natasha
  4506 | D:4      | Killed Natasha
  4570 | D:4      | Reached skill level 7 in Ice Magic
  4622 | D:4      | Noticed Natasha
  4625 | D:4      | Killed Natasha
  4796 | D:4      | Found Folaeted's Distillery.
  4801 | D:4      | Bought a potion of curing for 33 gold pieces
  4801 | D:4      | Bought a potion of heal wounds for 55 gold pieces
  4814 | D:5      | Entered Level 5 of the Dungeon
  4814 | D:5      | Noticed Ijyb
  4824 | D:5      | Killed Ijyb
  4990 | D:5      | Noticed an angel
  4991 | D:5      | Found a shimmering altar of Xom.
  4991 | D:5      | Found a glowing silver altar of Zin.
  5107 | D:5      | Found a staircase to the Ecumenical Temple.
  5114 | Temple   | Entered the Ecumenical Temple
  5324 | Temple   | Became a worshipper of Vehumet
  5516 | D:5      | Reached skill level 5 in Spellcasting
  6111 | D:6      | Noticed Sigmund
  6120 | D:6      | Killed Sigmund
  6120 | D:6      | Reached * piety under Vehumet
  6120 | D:6      | Offered knowledge of Magic Dart by Vehumet.
  6121 | D:6      | Reached skill level 8 in Ice Magic
  6121 | D:6      | Reached XP level 8. HP: 49/52 MP: 11/16
  6619 | D:6      | Found a shimmering blue altar of Sif Muna.
  7142 | D:6      | Found a bloodstained altar of Trog.
  7227 | D:7      | Reached skill level 9 in Ice Magic
  7567 | D:7      | Found an opulent altar of Gozag.
  7627 | D:7      | Reached XP level 9. HP: 50/57 MP: 15/18
  7630 | D:7      | Reached ** piety under Vehumet
  7630 | D:7      | Offered knowledge of Sandblast by Vehumet.
  7855 | D:7      | Reached skill level 10 in Ice Magic
  8167 | D:7      | Offered knowledge of Conjure Flame by Vehumet.
  8352 | D:7      | Found a burning altar of Makhleb.
  8352 | D:7      | Noticed a green death
  8371 | D:7      | Noticed a hellwing
  8676 | D:8      | Found a runed translucent gate.
  8676 | D:8      | Noticed Bargorn's ghost (novice MiFi)
  8676 | D:8      | Noticed a ten-headed hydra
  8677 | D:8      | Found a runed translucent gate.
  8726 | D:8      | Found a runed translucent gate.
  8743 | D:8      | Reached *** piety under Vehumet
  8757 | D:8      | Noticed a nameless horror
  8761 | D:8      | Killed a nameless horror
  9020 | D:8      | Found a stormy altar of Qazlal.
  9133 | D:8      | Found a flagged portal.
  9335 | D:8      | Reached skill level 11 in Ice Magic
  9345 | D:8      | Offered knowledge of Fulminant Prism by Vehumet.
  9541 | D:8      | Found a glowing golden altar of the Shining One.
  9542 | D:8      | Noticed Erica
  9557 | D:8      | Killed Erica
  9558 | D:8      | Reached XP level 10. HP: 20/63 MP: 14/22
  9825 | D:8      | Found an iron altar of Okawaru.
  9894 | D:9      | Noticed Grum
 10084 | D:9      | Killed Grum
 10426 | D:9      | Noticed a two-headed ogre
 10435 | D:9      | Killed a two-headed ogre
 10528 | D:9      | Reached skill level 12 in Ice Magic
 10868 | D:9      | Noticed Gastronok
 10895 | D:9      | Killed Gastronok
 11087 | D:9      | Found a staircase to the Lair.
 11294 | D:9      | Found a bloodstained altar of Trog.
 11307 | D:9      | Reached **** piety under Vehumet
 11365 | D:9      | Found a sparkling altar of Nemelex Xobeh.
 11684 | D:9      | Learned a level 4 spell: Hailstorm
 11914 | Lair:1   | Entered Level 1 of the Lair of Beasts
 12049 | Lair:1   | Noticed a cane toad
 12061 | Lair:1   | Killed a cane toad
 12072 | Lair:1   | Reached skill level 1 in Fighting
 12231 | Lair:1   | Gained mutation: You have razor-sharp toenails. [demonic
                  | ancestry]
 12231 | Lair:1   | Reached XP level 11. HP: 70/70 MP: 24/24
 12557 | Lair:1   | Noticed a six-headed hydra
 12569 | Lair:1   | Killed a five-headed hydra
 12570 | Lair:1   | Reached skill level 13 in Ice Magic
 12749 | Lair:1   | Offered knowledge of Stone Arrow by Vehumet.
 12883 | Lair:1   | You fall into a shaft and drop 1 floor!
 12885 | Lair:2   | Noticed an eight-headed hydra
 12924 | Lair:2   | Killed an eight-headed hydra
 14199 | Lair:2   | Reached skill level 10 in Spellcasting
 14700 | Lair:2   | You fall into a shaft and drop 2 floors!
 14890 | Lair:4   | Got a twisted lajatang
 15074 | Lair:4   | Reached skill level 14 in Ice Magic
 15081 | Lair:4   | Reached skill level 5 in Fighting
 15251 | Lair:4   | Reached XP level 12. HP: 64/86 MP: 26/26
 15657 | Lair:4   | Noticed a seven-headed hydra
 15668 | Lair:4   | Killed a seven-headed hydra
 16153 | Lair:3   | Found a hole to the Spider Nest.
 16874 | Lair:3   | Noticed an eight-headed hydra
 16881 | Lair:3   | Killed an eight-headed hydra
 16944 | Lair:3   | Found a staircase to the Swamp.
 17205 | Lair:3   | Got a glimmering mace
 17206 | Lair:3   | Identified the cursed +2 mace of Geewumuc {freeze, *Noise
                  | rPois rN+ Dex+4} (You found it on level 3 of the Lair of
                  | Beasts)
 17734 | Lair:4   | Found an ornate altar of the Wu Jian Council.
 18214 | Lair:4   | Reached ***** piety under Vehumet
 18466 | Lair:5   | Offered knowledge of Conjure Ball Lightning by Vehumet.
 18614 | Lair:5   | Found a transporter.
 18614 | Lair:5   | Found a transporter.
 18620 | Lair:5   | Noticed Tynuabry's ghost (journeyman DECj)
 18623 | Lair:5   | Noticed a seven-headed hydra
 18635 | Lair:5   | Noticed a five-headed hydra
 18655 | Lair:5   | Killed a five-headed hydra
 18660 | Lair:5   | Killed a seven-headed hydra
 19123 | Lair:5   | You fall into a shaft and drop 1 floor!
 19123 | Lair:6   | Entered Level 6 of the Lair of Beasts
 19124 | Lair:6   | Noticed a catoblepas
 19560 | Lair:5   | Identified the +11 trident "Keumesos" {antimagic, Str+3}
 19666 | Lair:5   | Found a bloodstained altar of Trog.
 19803 | Lair:6   | Reached skill level 15 in Ice Magic
 20134 | Lair:6   | Noticed a boulder beetle
 20151 | Lair:6   | Noticed a four-headed hydra
 20379 | Lair:6   | HP: 4/88 [elephant (3)]
 20448 | Lair:6   | Killed a four-headed hydra
 20449 | Lair:6   | Gained mutation: You have claws for feet. [demonic
                  | ancestry]
 20449 | Lair:6   | Reached XP level 13. HP: 37/96 MP: 26/28
 20832 | Lair:6   | Found a staircase to the Slime Pits.
 20833 | Lair:6   | Found a viscous altar of Jiyva.
 23035 | Lair:6   | Reached skill level 16 in Ice Magic
 23932 | D:10     | Entered Level 10 of the Dungeon
 24692 | D:10     | Found Botaos's Gadget Shop.
 24697 | D:10     | Offered knowledge of Yara's Violent Unravelling by Vehumet.
 25961 | D:11     | Noticed Urug
 25982 | D:11     | Killed Urug
 27362 | D:11     | Found a staircase to the Orcish Mines.
 27492 | D:11     | Gained mutation: A demonic guardian rushes to your aid.
                  | [demonic ancestry]
 27492 | D:11     | Reached XP level 14. HP: 88/106 MP: 30/30
 27935 | Orc:1    | Entered Level 1 of the Orcish Mines
 28104 | Orc:1    | Noticed an orc warlord
 28129 | Orc:1    | Killed an orc warlord
 28438 | Orc:2    | Entered Level 2 of the Orcish Mines
 28456 | Orc:2    | Found Rurchiona's Antique Weapon Boutique.
 28488 | Orc:2    | Found a dark tunnel.
 28549 | Volcano  | Entered a volcano
 29033 | Orc:2    | Found a staircase to the Elven Halls.
 29151 | Orc:2    | Offered knowledge of Freezing Cloud by Vehumet.
 29160 | Orc:2    | Learned a level 6 spell: Freezing Cloud
 29197 | Orc:2    | Found Pogo's General Store.
 29228 | Orc:2    | Found Qit Feyv's General Store.
 29753 | Orc:2    | HP: 3/107 [soul eater (11)]
 29770 | Orc:2    | HP: 4/109 [soul eater/drain life (10)]
 29900 | D:9      | Identified the cursed +1 chain mail of the Cartwright
                  | {rPois Int+3 Dex+4}
 30249 | D:8      | Killed Bargorn's ghost
 30711 | Orc:2    | Killed from afar by a soul eater

Illustrated notes

Levels and vault maps discovered:
D:1:      dpeg_arrival_triangle_fractal, layout_loops_ring,
          minmay_strange_pillars
D:2:      layout_basic, tgw_fedhas
D:3:      layout_loops_ring, ebering_ghost_sewer_d,
          chequers_ecumenical_altar_simple, minmay_misc_feat_room
D:4:      minmay_chambers_of_threes, layout_basic,
          nicolae_overflow_hidden_temple, serial_shops,
          nicolae_shop_behind_doors, minmay_bent, uniq_natasha
D:5:      layout_loops_ring, grunt_temple_overflow_order_and_chaos_1,
          minmay_temple_entry_proselytizer, uniq_ijyb
D:6:      layout_layer_cave, kennysheep_mini_moat, trog_book, uniq_sigmund
D:7:      layout_rooms, makhleb_altar_promises_db, old_standard_altar,
          minmay_strange_pillars
D:8:      layout_basic, grunt_qazlal_clouds, lemuel_crystal_altar, tso_altar,
          enter_bailey_3, gammafunk_ghost_hydra_chop, uniq_erica
D:9:      layout_small_grid, david_lair_shrubbed, basic_altar, minivault_10,
          trog_three_pillars_becter, uniq_gastronok, uniq_grum
D:10:     layout_grid_maze, serial_shops,
          nicolae_shop_temple_entry_statues_fountains
D:11:     layout_loops_ring, zombieorc2_lemuel, serial_undead, serial_undead_c,
          serial_undead_b, serial_undead_b, serial_undead_c, serial_undead_a,
          serial_undead_c, serial_undead_a, serial_undead_a, serial_undead_d,
          serial_undead_b, uniq_urug
Temple:   dshaligram_water_room_temple
Lair:1:   layout_regular_city, lemuel_fruit_tree
Lair:2:   layout_hall_layers, beast_lair_carwin_7
Lair:3:   layout_layer_cave, swamp_mist, nicolae_spider_entry_tight_spaces,
          disabler_island
Lair:4:   layout_small_grid, basic_altar, minivault_27, roderic_carrion_pond
Lair:5:   layout_regular_city, gammafunk_ghost_wrathful_warriors, minivault_19
Lair:6:   evilmike_catoblepas_cave, layout_hall_layers, slime_altar_1,
          minivault_26, nicolae_lair_yak_garden
Orc:1:    layout_caves
Orc:2:    pf_orc_diabolical, layout_diamond_mine, nicolae_volcano_entry_batcave,
          serial_shops, shop, nicolae_orc_bridge_out, nicolae_orc_damp_corner

Skill      XL: |  1  2  3  4  5  6  7  8  9 10 11 12 13 |
---------------+----------------------------------------+-----
Ice Magic      | 4 5 6 8 9 11 12 14 15 16 | 16.8
Spellcasting   | 3 4 5 6 8 9 10 11 12 | 12.4
Fighting       | 1 5 7 9 |  9.7
Dodging        | |  1.7
Stealth        | |  1.7

Action                   |  1- 3 |  4- 6 |  7- 9 | 10-12 | 13-15 || total
-------------------------+-------+-------+-------+-------+-------++-------
Melee: Unarmed           |    27 |       |       |       |       ||    27
       Mace              |       |    13 |    38 |    38 |   239 ||   328
       Kick              |       |     3 |    27 |    45 |    92 ||   167
       Dagger            |       |       |    78 |       |       ||    78
       Scimitar          |       |       |       |    72 |     3 ||    75
 Cast: Freeze            |    60 |    66 |   101 |   136 |   127 ||   490
       Frozen Ramparts   |       |     8 |    28 |    46 |    57 ||   139
       Ozocubu's Armour  |       |       |     3 |     5 |     2 ||    10
       Summon Ice Beast  |       |       |     7 |   163 |   178 ||   348
       Hailstorm         |       |       |       |       |     4 ||     4
Evoke: Wand              |       |       |       |       |     8 ||     8
       Box of beasts     |       |       |       |       |     1 ||     1
  Use: Scroll            |       |     2 |     8 |    15 |     6 ||    31
       Potion            |       |       |       |     3 |     2 ||     5
 Stab: Distracted        |       |       |     2 |     1 |     8 ||    11
       Sleeping          |       |       |       |     1 |       ||     1
       Petrified         |       |       |       |       |     4 ||     4
Armor: Robe              |    17 |     8 |     5 |       |       ||    30
       Leather armour    |       |       |    65 |   103 |    95 ||   263
       Ring mail         |       |       |       |       |    10 ||    10
Dodge: Dodged            |    38 |    37 |   145 |   167 |   118 ||   505
Block: Other             |    22 |    30 |    72 |    63 |       ||   187
       Kite shield       |       |       |       |    92 |   339 ||   431
       Buckler           |       |       |       |       |     5 ||     5
       Rpst.: Scimitar   |       |       |       |    30 |       ||    30

Table legend: (Time is in decaauts)
 A = Elapsed time spent in this place.
 B = Non-inter-level travel time spent in this place.
 C = Inter-level travel time spent in this place.
 D = Time resting spent in this place.
 E = Time spent auto-exploring this place.
 F = Levels seen in this place.
 G = Mean time per level.
                   A        B        C        D        E       F      G
               +--------+--------+--------+--------+--------+-----+--------+
         Total |  30922 |  29963 |    959 |   1509 |  23422 |  21 | 1472.5 |
       Dungeon |  16396 |  15835 |    561 |    868 |  12229 |  11 | 1490.5 |
        Temple |    219 |    180 |     39 |      0 |    179 |   1 |  219.0 |
          Lair |  12075 |  11759 |    316 |    617 |   9534 |   6 | 2012.5 |
  Orcish Mines |   2135 |   2093 |     42 |     24 |   1420 |   2 | 1067.5 |
       Volcano |     95 |     95 |      0 |      0 |     60 |   1 |   95.0 |
               +--------+--------+--------+--------+--------+-----+--------+

Top non-repeatable levels by time:
  Lair:6: 3072 daAuts
    D:11: 2487 daAuts
  Lair:5: 2466 daAuts
  Lair:1: 1959 daAuts
     D:9: 1956 daAuts
  Lair:3: 1949 daAuts
     D:8: 1913 daAuts
    D:10: 1740 daAuts
  Lair:4: 1727 daAuts
   Orc:2: 1599 daAuts
     D:4: 1511 daAuts
     D:6: 1353 daAuts
     D:7: 1293 daAuts
     D:1: 1172 daAuts
     D:2: 1079 daAuts
